Map: Oxide LE

Players

MaNa - Winner!

  • Race: Protoss Protoss

AqueroN

  • Race: Terran Terran

Event: DreamHack SC2 Masters 2021 Winter

VOD

Have the link to the VOD?

Description

Time

  • Played on: Oct. 8, 2021, 12:18 p.m.
  • Length: 4:28

All games in this series

Show
View Real Time Build Order
Export as new Build Order

MaNa Protoss - Winner!

Build Orders:  

Get SALT Encoding   

  12  0:00  Probe  
  13  0:12  Probe  
  14  0:18  Pylon  
  14  0:24  Probe  
  15  0:36  Probe  
  15  0:38  Gateway  
  16  0:46  Pylon  
  16  0:49  Probe  
  17  1:01  Probe (Chrono Boost)  
  18  1:06  Gateway  
  18  1:09  Assimilator  
  18  1:14  Probe (Chrono Boost)  
  19  1:23  Probe (Chrono Boost)  
  20  1:28  Cybernetics Core  
  20  1:32  Probe  
  21  1:35  Zealot  
  23  1:44  Probe  
  24  1:48  Assimilator  
  24  1:56  Probe  
  25  2:03  Stalker (Chrono Boost), Pylon  
  28  2:16  Stalker (Chrono Boost)  
  28  2:18  Shield Battery  
  28  2:22  Probe  
  29  2:25  Warp Gate  
  29  2:30  Stalker (Chrono Boost)  
  29  2:36  Pylon  
  31  2:54  Stalker  
  33  3:04  Robotics Facility  
  33  3:09  Stalker  
  35  3:15  Pylon  
  35  3:29  Stalker  
  37  3:42  Probe  
  38  3:51  Observer (Chrono Boost)  
  38  3:54  Probe  
  40  3:55  Nexus  
  40  4:04  Observer (Chrono Boost)  
  41  4:13  Stalker x2  
Show
View Real Time Build Order
Export as new Build Order

AqueroN Terran 

Build Orders:  

Get SALT Encoding   

  12  0:00  SCV  
  13  0:12  SCV  
  14  0:16  Supply Depot  
  14  0:24  SCV  
  15  0:38  SCV  
  15  0:40  Barracks  
  16  0:44  Refinery  
  16  0:50  SCV  
  16  0:55  Refinery  
  17  1:02  SCV  
  18  1:14  SCV  
  19  1:27  Reaper, Orbital Command  
  20  1:42  Supply Depot  
  20  1:51  Factory  
  20  1:54  SCV  
  21  2:06  SCV  
  22  2:17  Barracks Reactor  
  22  2:18  SCV  
  22  2:22  Supply Depot  
  23  2:30  SCV  
  23  2:34  Command Center  
  24  2:37  Starport  
  24  2:43  SCV  
  27  2:51  Hellion  
  27  2:56  Bunker  
  27  2:57  Marine x2  
  28  3:00  SCV  
  29  3:12  Hellion  
  28  3:14  SCV  
  28  3:15  Marine x2  
  31  3:24  Supply Depot  
  31  3:34  Supply Depot, Marine  
  31  3:45  Marine  
  31  3:46  Hellion  
  34  4:02  Marine  
  32  4:08  Marine  
  33  4:12  SCV  
  33  4:16  Factory Tech Lab  
  34  4:17  Starport  

Tags
 
Add a new tag
Caveats
  • Supply blocks, unpowered buildings, or Contaminate may cause inaccurate times.
  • Supply counts are checked every 10 seconds.